Map: Eternal Empire LE

Players

AfreecaDRG (DRG) - Winner!

  • Race: Zerg Zerg
  • League: Master
  • Spawn Location: 1:00

Stats

  • Race: Protoss Protoss
  • League: Grandmaster
  • Spawn Location: 7:00

Event: DreamHack SC2 Masters 2020 Fall

VOD

Have the link to the VOD?

Description

Time

  • Played on: Sept. 16, 2020, 9:57 a.m.
  • Length: 18:27

All games in this series

Show
View Real Time Build Order
Export as new Build Order

AfreecaDRG Zerg - Winner!

Build Orders: Hatch First, Lurkers, Roach Hydra 

Get SALT Encoding   

  12  0:00  Drone  
  13  0:12  Overlord  
  13  0:16  Drone  
  14  0:30  Drone x2  
  16  0:43  Drone  
  16  0:45  Drone  
  18  0:56  Hatchery  
  17  0:57  Drone  
  17  1:00  Extractor  
  17  1:13  Spawning Pool  
  17  1:16  Drone  
  17  1:20  Drone  
  18  1:29  Drone  
  19  1:39  Drone  
  20  1:49  Drone  
  21  2:00  Zergling x2  
  22  2:07  Queen x2  
  26  2:09  Overlord  
  26  2:10  Drone  
  26  2:12  Metabolic Boost  
  27  2:19  Drone  
  28  2:30  Hatchery  
  28  2:33  Drone  
  28  2:35  Zergling x2  
  29  2:37  Zergling x2  
  29  2:41  Drone  
  29  2:43  Drone  
  32  2:49  Queen  
  34  2:54  Overlord  
  34  2:58  Zergling x2  
  35  3:04  Drone  
  36  3:07  Overlord  
  36  3:13  Drone  
  36  3:16  Drone x4  
  36  3:18  Drone  
  42  3:21  Drone  
  42  3:22  Drone  
  44  3:27  Queen  
  44  3:30  Drone  
  44  3:31  Drone  
  48  3:38  Overlord  
  48  3:40  Drone  
  48  3:43  Spore Crawler  
  48  3:44  Drone  
  48  3:47  Spore Crawler  
  47  3:50  Queen  
  47  3:54  Overlord  
  50  3:55  Drone  
  50  3:59  Drone x2  
  50  4:00  Drone  
  50  4:01  Drone  
  54  4:07  Roach Warren  
  53  4:11  Drone x2  
  53  4:14  Spore Crawler  
  53  4:15  Drone  
  55  4:19  Drone  
  55  4:20  Drone x2  
  58  4:24  Zergling x4  
  58  4:28  Zergling x2  
  58  4:29  Zergling x6  
  64  4:35  Drone, Spore Crawler  
  64  4:36  Drone x2  
  66  4:45  Overlord  
  66  4:47  Overlord  
  66  4:48  Overlord  
  66  4:52  Overlord  
  66  4:54  Overlord  
  66  4:56  Drone, Overlord  
  66  4:59  Lair  
  66  5:03  Overlord  
  66  5:05  Drone  
  66  5:06  Drone x2  
  69  5:09  Drone x2  
  69  5:10  Drone  
  69  5:11  Drone  
  69  5:12  Drone x2  
  74  5:15  Drone x2  
  74  5:16  Drone  
  74  5:19  Drone  
  78  5:21  Extractor  
  78  5:23  Drone  
  78  5:26  Drone  
  79  5:30  Drone  
  79  5:31  Drone, Extractor x3  
  79  5:32  Drone x6  
  79  5:34  Extractor  
  81  5:43  Hatchery  
  81  5:44  Drone x3  
  81  5:45  Drone x2  
  81  5:49  Queen  
  83  5:52  Overlord  
  85  5:58  Drone x2  
  85  6:00  Evolution Chamber  
  85  6:02  Glial Reconstitution  
  86  6:05  Overlord  
  86  6:06  Drone  
  86  6:08  Roach x4  
  86  6:09  Overseer  
  95  6:11  Overlord  
  95  6:16  Drone  
  95  6:17  Roach x3  
  102  6:23  Infestation Pit  
  101  6:27  Zerg Missile Weapons Level 1  
  101  6:31  Roach x6  
  113  6:33  Ravager  
  113  6:41  Roach x3  
  113  6:46  Overlord x2  
  119  6:55  Roach x6  
  119  6:56  Ravager x2  
  119  6:59  Zergling x14  
  139  7:03  Queen  
  139  7:07  Zergling x2  
  139  7:08  Zergling x4  
  143  7:10  Drone  
  143  7:14  Drone  
  143  7:15  Hive  
  145  7:16  Hydralisk Den  
  145  7:17  Drone  
  145  7:18  Drone x2  
  145  7:21  Unknown  
  144  7:30  Drone x5  
  144  7:33  Drone x3  
  144  7:34  Overlord x2  
  151  7:40  Overlord  
  151  7:46  Overlord  
  151  7:47  Drone  
  151  7:48  Drone, Lurker Den  
  151  7:50  Drone x2, Spore Crawler  
  153  7:59  Zergling x6  
  153  8:00  Zergling x4  
  153  8:01  Zergling x4  
  153  8:02  Pneumatized Carapace  
  160  8:09  Drone x2  
  162  8:17  Hatchery  
  162  8:18  Overlord  
  160  8:20  Grooved Spines  
  160  8:22  Hydralisk x7  
  160  8:26  Zerg Missile Weapons Level 2  
  173  8:29  Evolution Chamber  
  163  8:43  Hydralisk x6  
  163  8:44  Hydralisk x4  
  173  8:51  Hydralisk  
  173  8:55  Seismic Spines  
  175  8:56  Zerg Ground Armor Level 1  
  175  8:59  Lurker x2  
  177  9:03  Drone x6  
  183  9:13  Hydralisk  
  183  9:15  Lurker x3  
  188  9:17  Overseer  
  188  9:27  Extractor  
  188  9:29  Lurker x2  
  188  9:30  Zergling x12  
  194  9:32  Extractor, Muscular Augments  
  188  9:41  Hydralisk  
  188  9:42  Hydralisk  
  183  9:50  Drone x2  
  183  9:51  Drone x2  
  183  9:52  Adaptive Talons  
  182  9:54  Drone  
  182  9:55  Drone x3  
  186  10:00  Lurker x4  
  186  10:01  Lurker x2  
  186  10:02  Zergling x2  
  186  10:03  Zergling x14  
  200  10:17  Zergling x6  
  198  10:26  Hydralisk  
  200  10:34  Spine Crawler  
  199  10:35  Spine Crawler  
  198  10:44  Hydralisk  
  198  10:47  Zerg Missile Weapons Level 3  
  200  10:50  Spire  
  200  10:53  Spire  
  200  10:54  Lurker  
  199  11:02  Hydralisk x5  
  189  11:13  Hatchery  
  189  11:15  Hydralisk  
  189  11:16  Hydralisk x5  
  193  11:24  Hydralisk x6  
  190  11:28  Hydralisk  
  190  11:29  Hydralisk x4  
  190  11:32  Hydralisk x2  
  189  11:33  Overlord x2  
  189  11:34  Drone x2  
  189  11:38  Overlord  
  183  11:40  Overlord, Overseer x2  
  183  11:56  Hydralisk x5  
  183  11:57  Lurker x5  
  183  12:00  Overseer  
  198  12:06  Hydralisk  
  198  12:08  Spore Crawler  
  199  12:09  Spore Crawler x2  
  199  12:11  Zerg Flyer Armor Level 1, Zerg Flyer Weapons Level 1  
  199  12:12  Lurker x3  
  195  12:24  Hydralisk x3  
  190  12:41  Hydralisk x10  
  191  12:51  Hydralisk x4  
  187  13:10  Hydralisk x6  
  195  13:21  Hydralisk  
  195  13:22  Hydralisk x3  
  199  13:28  Extractor  
  199  13:29  Hydralisk  
  199  13:33  Drone, Extractor  
  198  13:37  Spore Crawler x4  
  192  13:53  Corruptor x11  
  199  14:01  Corruptor x3  
  197  14:15  Corruptor x4  
  180  14:18  Corruptor  
  180  14:19  Corruptor  
  180  14:22  Drone x2  
  180  14:23  Drone  
  180  14:24  Drone x2  
  162  14:27  Hydralisk x6  
  158  14:38  Corruptor x3  
  155  14:40  Zergling x2  
  155  14:41  Zergling x14  
  155  14:44  Zerg Flyer Weapons Level 2  
  169  14:50  Hydralisk x3  
  175  14:56  Spore Crawler  
  175  14:57  Spore Crawler  
  173  15:00  Lurker x2  
  173  15:02  Hydralisk x3  
  173  15:05  Hydralisk  
  173  15:06  Hydralisk  
  185  15:09  Hydralisk x2  
  185  15:14  Lurker, Zergling x2  
  190  15:15  Zergling x16  
  184  15:35  Lurker x5  
  184  15:39  Hydralisk x2  
  184  15:42  Spore Crawler  
  190  15:43  Spore Crawler x2, Hatchery  
  190  15:44  Spore Crawler  
  186  15:51  Hydralisk x6  
  195  16:00  Zergling x2  
  195  16:01  Zergling x4  
  197  16:11  Overlord  
  156  16:33  Hydralisk x5  
  156  16:34  Corruptor x4  
  156  16:39  Queen x2  
  176  16:46  Lurker, Spore Crawler  
  176  16:47  Lurker  
  177  16:48  Spore Crawler  
  176  16:59  Hydralisk x5  
  140  17:09  Hydralisk x3  
  140  17:14  Hydralisk x2  
  146  17:19  Drone  
  146  17:22  Hydralisk x2, Extractor  
  150  17:25  Overseer x2  
  150  17:28  Lurker  
  150  17:29  Lurker  
  152  17:30  Drone x2  
  154  17:42  Corruptor x3  
  160  17:44  Lurker  
  160  17:45  Drone  
  160  17:49  Drone x2  
Show
View Real Time Build Order
Export as new Build Order

Stats Protoss 

Build Orders: 1 Gate Expand, Oracle Opening, Carriers, Chargelot Immortal 

Get SALT Encoding   

  12  0:00  Probe  
  13  0:13  Pylon  
  13  0:17  Probe (Chrono Boost)  
  14  0:27  Probe (Chrono Boost)  
  15  0:32  Probe (Chrono Boost)  
  16  0:42  Gateway  
  16  0:44  Probe  
  16  0:49  Assimilator  
  17  0:56  Probe  
  18  1:08  Probe  
  19  1:20  Probe  
  20  1:26  Nexus  
  20  1:35  Cybernetics Core  
  20  1:38  Probe  
  21  1:44  Assimilator  
  21  1:50  Probe  
  22  1:54  Pylon  
  22  2:02  Probe  
  23  2:10  Adept (Chrono Boost)  
  23  2:12  Warp Gate  
  23  2:14  Probe  
  26  2:27  Probe (Chrono Boost)  
  27  2:31  Stargate  
  27  2:32  Adept (Chrono Boost)  
  29  2:38  Probe (Chrono Boost)  
  31  2:45  Probe (Chrono Boost)  
  31  2:47  Probe (Chrono Boost)  
  33  2:51  Probe (Chrono Boost)  
  33  2:52  Probe (Chrono Boost)  
  33  2:56  Stalker  
  36  3:03  Probe  
  36  3:04  Probe  
  38  3:09  Pylon  
  38  3:12  Oracle (Chrono Boost)  
  38  3:15  Probe  
  38  3:18  Probe  
  43  3:23  Gateway  
  43  3:27  Probe  
  43  3:33  Probe  
  45  3:39  Probe  
  45  3:40  Oracle (Chrono Boost)  
  46  3:45  Probe, Pylon  
  46  3:46  Assimilator  
  50  3:51  Probe  
  51  3:57  Probe  
  51  4:00  Adept  
  54  4:03  Probe  
  54  4:04  Pylon  
  54  4:09  Probe  
  56  4:15  Nexus, Probe  
  57  4:24  Pylon  
  57  4:26  Probe  
  57  4:28  Probe  
  57  4:29  Assimilator  
  59  4:32  Robotics Facility  
  59  4:34  Sentry x2  
  63  4:38  Probe  
  63  4:40  Probe  
  63  4:43  Pylon  
  65  4:49  Forge, Twilight Council  
  65  4:58  Probe x2  
  67  5:06  Shield Battery  
  67  5:10  Probe x2  
  67  5:12  Sentry x2  
  73  5:15  Gateway x2  
  73  5:20  Protoss Ground Weapons Level 1 (Chrono Boost)  
  73  5:21  Warp Prism (Chrono Boost), Blink (Chrono Boost)  
  74  5:22  Probe x2  
  77  5:28  Probe  
  77  5:34  Probe x2  
  80  5:41  Probe  
  81  5:46  Probe x2  
  81  5:49  Gateway  
  83  5:51  Gateway  
  83  5:55  Zealot  
  85  5:59  Observer (Chrono Boost)  
  85  6:01  Stalker  
  88  6:05  Gateway x2  
  88  6:07  Pylon  
  88  6:08  Probe x3  
  91  6:16  Stalker x3  
  97  6:22  Assimilator, Pylon  
  97  6:25  Pylon  
  97  6:26  Assimilator  
  97  6:30  Probe x3  
  100  6:47  Stalker x6  
  104  6:51  Probe x3  
  114  6:59  Templar Archives  
  114  7:00  Pylon  
  114  7:01  Pylon  
  114  7:02  Photon Cannon  
  114  7:08  Immortal (Chrono Boost)  
  114  7:12  Pylon  
  118  7:16  Protoss Ground Weapons Level 2 (Chrono Boost)  
  118  7:17  Charge  
  118  7:37  Psionic Storm  
  118  7:38  Zealot x7  
  118  7:39  Zealot  
  118  7:40  Observer  
  118  7:41  Shield Battery  
  135  8:01  Nexus, Immortal  
  139  8:10  High Templar x4  
  139  8:12  Photon Cannon  
  147  8:14  Shield Battery  
  147  8:17  Pylon, Photon Cannon  
  147  8:18  Shield Battery  
  147  8:19  Pylon  
  147  8:20  Pylon  
  147  8:21  Pylon  
  147  8:23  Stalker  
  149  8:27  Phoenix  
  149  8:31  Pylon  
  147  8:42  Immortal (Chrono Boost)  
  147  8:47  Photon Cannon  
  151  8:55  Probe x3  
  154  9:00  Shield Battery  
  154  9:01  Shield Battery  
  154  9:02  Shield Battery  
  154  9:03  High Templar  
  154  9:04  High Templar, Photon Cannon x2  
  154  9:06  Photon Cannon  
  154  9:07  Probe x3  
  154  9:09  Assimilator  
  161  9:14  Assimilator  
  161  9:15  Fleet Beacon  
  161  9:17  Stargate, Immortal  
  161  9:19  Stargate  
  165  9:44  Protoss Air Weapons Level 1  
  165  9:57  Photon Cannon  
  165  9:59  Shield Battery, Carrier (Chrono Boost), Photon Cannon  
  169  10:00  Immortal  
  169  10:03  Carrier (Chrono Boost)  
  169  10:04  Pylon  
  181  10:08  Carrier (Chrono Boost)  
  187  10:28  Protoss Ground Weapons Level 3  
  187  10:33  Photon Cannon  
  187  10:34  Zealot x6, Pylon  
  173  11:16  Zealot x7  
  181  11:19  Carrier x3  
  181  11:24  Photon Cannon  
  199  11:26  Photon Cannon  
  197  11:34  Nexus  
  197  11:35  Shield Battery  
  187  11:42  High Templar x2  
  185  11:50  Gateway  
  185  11:56  High Templar x4  
  193  12:13  Mothership  
  192  12:23  Archon  
  192  12:29  Stalker x2  
  196  12:30  Stalker x2  
  180  12:51  Carrier x3  
  180  12:53  Observer  
  187  13:05  Zealot x5, Observer  
  161  13:55  Carrier x2  
  161  14:13  Carrier  
  149  14:22  High Templar x3  
  149  14:23  High Templar x3  
  151  14:29  Archon x3  
  150  14:33  Photon Cannon  
  150  14:35  Photon Cannon  
  150  14:36  Probe x3  
  153  14:46  Probe  
  153  14:49  Probe  
  155  14:58  Pylon  
  155  15:00  High Templar x2  
  155  15:04  High Templar, Archon  
  155  15:06  High Templar  
  163  15:12  Pylon  
  163  15:14  Archon  
  150  15:44  High Templar x4  
  150  15:45  Zealot x2  
  150  15:46  Probe  
  150  15:47  Probe x3  
  150  15:48  Archon  
  150  15:49  Archon  
  160  15:51  Oracle  
  163  15:58  Oracle  
  163  16:00  Probe x3  
  163  16:02  Pylon  
  163  16:03  Unknown  
  170  16:14  Nexus  
  155  16:39  High Templar x2  
  159  16:40  Zealot x4  
  159  16:43  Archon  
  159  16:45  Probe x2  
  159  16:46  Probe  
  108  17:09  Zealot x2, High Templar x2  
  108  17:14  Zealot, High Templar  
  114  17:15  Archon  
  114  17:18  Probe x3  
  117  17:37  Cybernetics Core  
  117  17:38  High Templar x2  
  117  17:39  Zealot  
  117  17:43  Archon  

Tags
 
Add a new tag
Caveats
  • Supply blocks, unpowered buildings, or Contaminate may cause inaccurate times.
  • Supply counts are checked every 10 seconds.